PIO (24 & UNDER)
SASKATOON SMOKIN' GUNS @ SEATTLE RAINIERS
06/18/2027
 
TOP OF THE 1ST
Saskatoon Smokin' Guns batting - Pitching for Seattle Rainiers : RHP Ángel Estrada
Pitching: RHP Ángel Estrada
Batting: RHB Henry Jackson 0-0: Ball
1-0: Foul Ball, location: 2F
1-1: Ball
2-1: Ground out 1-3 (Groundball, 13S)
Batting: RHB Rijk de Rade 0-0: Ball
1-0: Ground out 6-3 (Groundball, 56)
Batting: RHB César Rodríguez 0-0: Called Strike
0-1: Ball
1-1: Ball
2-1: Swinging Strike
2-2: Strikes out swinging
Top of the 1st over - 0 run(s), 0 hit(s), 0 error(s), 0 left on base; Saskatoon 0 - Seattle 0
BOTTOM OF THE 1ST
Seattle Rainiers batting - Pitching for Saskatoon Smokin' Guns : RHP José Fernández
Pitching: RHP José Fernández
Batting: RHB Alfredo Farías 0-0: Ball
1-0: Called Strike
1-1: Swinging Strike
1-2: SINGLE (Groundball, 34D)
Batting: RHB José Vidal 0-0: Ball
Alfredo Farías is caught stealing 2nd base
1-0: Ball
2-0: Called Strike
2-1: Called Strike
2-2: Foul Ball, location: 2F
2-2: Ball
3-2: Foul Ball, location: 2F
3-2: Strikes out swinging
Batting: RHB Enrique Soto 0-0: Ball
1-0: Foul Ball, location: 2F
1-1: Ground out 6-3 (Groundball, 6)
Bottom of the 1st over - 0 run(s), 1 hit(s), 0 error(s), 0 left on base; Saskatoon 0 - Seattle 0
TOP OF THE 2ND
Saskatoon Smokin' Guns batting - Pitching for Seattle Rainiers : RHP Ángel Estrada
Batting: LHB Bo Rush 0-0: Swinging Strike
0-1: Swinging Strike
0-2: Strikes out swinging
Batting: RHB Julián García 0-0: Swinging Strike
0-1: Ball
1-1: Ball
2-1: Ball
3-1: Called Strike
3-2: Foul Ball, location: 2F
3-2: Ground out 6-3 (Groundball, 56D)
Batting: LHB Rubén Salazar 0-0: Called Strike
0-1: Ball
1-1: Swinging Strike
1-2: Foul Ball, location: 2F
1-2: Fly out, F4 (Popup, 3D)
Top of the 2nd over - 0 run(s), 0 hit(s), 0 error(s), 0 left on base; Saskatoon 0 - Seattle 0
BOTTOM OF THE 2ND
Seattle Rainiers batting - Pitching for Saskatoon Smokin' Guns : RHP José Fernández
Batting: RHB Doug Williams 0-0: Ground out 6-3 (Groundball, 56)
Batting: LHB Carlos Valentín 0-0: Called Strike
0-1: Ground out 4-3 (Groundball, 4)
Batting: RHB John Hill 0-0: Ball
1-0: Swinging Strike
1-1: Ball
2-1: Ball
3-1: Base on Balls
Batting: SHB Claas van der Kuijl 0-0: Ball
1-0: Ball
2-0: Called Strike
2-1: Swinging Strike
2-2: Fly out, F8 (Line Drive, 8RM)
Bottom of the 2nd over - 0 run(s), 0 hit(s), 0 error(s), 1 left on base; Saskatoon 0 - Seattle 0
TOP OF THE 3RD
Saskatoon Smokin' Guns batting - Pitching for Seattle Rainiers : RHP Ángel Estrada
Batting: SHB Michael Miller 0-0: Foul Ball, location: 2F
0-1: Swinging Strike
0-2: Strikes out swinging wild pitch, reaches first!
Batting: RHB Brendon Little 0-0: Ball
1-0: Ball
2-0: Ball
3-0: Swinging Strike
3-1: Base on Balls
Michael Miller to second
Batting: RHB José Chávez 0-0: Ball
1-0: Swinging Strike
1-1: Ball
2-1: Ball
3-1: Base on Balls
Michael Miller to third
Brendon Little to second
Batting: RHB Henry Jackson 0-0: Foul Ball, location: 2F
0-1: Foul Ball, location: 2F
0-2: Foul Ball, location: 2F
0-2: Foul Ball, location: 2F
0-2: Ball
1-2: Strikes out swinging
Batting: RHB Rijk de Rade 0-0: Called Strike
0-1: Foul Ball, location: 2F
0-2: Strikes out looking
Batting: RHB César Rodríguez 0-0: Called Strike
0-1: Ball
1-1: Foul Ball, location: 2F
1-2: Foul Ball, location: 2F
1-2: Strikes out looking
Top of the 3rd over - 0 run(s), 0 hit(s), 0 error(s), 3 left on base; Saskatoon 0 - Seattle 0
BOTTOM OF THE 3RD
Seattle Rainiers batting - Pitching for Saskatoon Smokin' Guns : RHP José Fernández
Batting: SHB Júlio Ayala 0-0: Called Strike
0-1: Ball
1-1: Called Strike
1-2: Foul Ball, location: 2F
1-2: Strikes out swinging
Batting: LHB Kelsey Scott 0-0: Called Strike
0-1: Foul Ball, location: 2F
0-2: Fly out, F8 (Flyball, 8LM)
Batting: RHB Alfredo Farías 0-0: Called Strike
0-1: Ball
1-1: Fly out, F4 (Line Drive, 4)
Bottom of the 3rd over - 0 run(s), 0 hit(s), 0 error(s), 0 left on base; Saskatoon 0 - Seattle 0
TOP OF THE 4TH
Saskatoon Smokin' Guns batting - Pitching for Seattle Rainiers : RHP Ángel Estrada
Batting: LHB Bo Rush 0-0: Called Strike
0-1: Ball
1-1: Ball
2-1: SINGLE (Line Drive, 4MD)
Batting: RHB Julián García 0-0: Called Strike
0-1: Grounds into double play, 4-6-3 (Groundball, 4)
Batting: LHB Rubén Salazar 0-0: Ball
1-0: Ball
2-0: Ball
3-0: Base on Balls
Batting: SHB Michael Miller 0-0: Ball
Rubén Salazar is caught stealing 2nd base
Top of the 4th over - 0 run(s), 1 hit(s), 0 error(s), 0 left on base; Saskatoon 0 - Seattle 0
BOTTOM OF THE 4TH
Seattle Rainiers batting - Pitching for Saskatoon Smokin' Guns : RHP José Fernández
Batting: RHB José Vidal 0-0: Ball
1-0: Foul Ball, location: 2F
1-1: Ball
2-1: Ball
3-1: Foul Ball, location: 2F
3-2: Foul Ball, location: 2F
3-2: Foul Ball, location: 2F
3-2: Base on Balls
Batting: RHB Enrique Soto 0-0: Ball
1-0: Ball
Wild Pitch!
José Vidal to second
2-0: Called Strike
2-1: Called Strike
2-2: Strikes out swinging
Batting: RHB Doug Williams 0-0: Called Strike
0-1: Called Strike
0-2: Strikes out looking
Batting: LHB Carlos Valentín 0-0: Called Strike
0-1: Ball
1-1: SINGLE (Flyball, 7S)
José Vidal to third
Runner from 3rd tries for Home, SAFE, no throw
Batting: RHB John Hill 0-0: Swinging Strike
0-1: Foul Ball, location: 2F
0-2: Foul Ball, location: 2F
0-2: Strikes out swinging
Bottom of the 4th over - 1 run(s), 1 hit(s), 0 error(s), 1 left on base; Saskatoon 0 - Seattle 1
TOP OF THE 5TH
Saskatoon Smokin' Guns batting - Pitching for Seattle Rainiers : RHP Ángel Estrada
Batting: SHB Michael Miller 0-0: Foul Ball, location: 2F
0-1: Ball
1-1: Called Strike
1-2: Strikes out looking
Batting: RHB Brendon Little 0-0: Ball
1-0: Called Strike
1-1: Ball
2-1: Swinging Strike
2-2: Strikes out swinging
Batting: RHB José Chávez 0-0: Ground out 5-3 (Groundball, 56)
Top of the 5th over - 0 run(s), 0 hit(s), 0 error(s), 0 left on base; Saskatoon 0 - Seattle 1
BOTTOM OF THE 5TH
Seattle Rainiers batting - Pitching for Saskatoon Smokin' Guns : RHP José Fernández
Batting: SHB Claas van der Kuijl 0-0: Called Strike
0-1: Foul Ball, location: 2F
0-2: Strikes out swinging
Batting: SHB Júlio Ayala 0-0: Foul Ball, location: 2F
0-1: Fly out, F7 (Flyball, 7S)
Batting: LHB Kelsey Scott 0-0: Ball
1-0: Called Strike
1-1: Ground out 6-3 (Groundball, 6)
Bottom of the 5th over - 0 run(s), 0 hit(s), 0 error(s), 0 left on base; Saskatoon 0 - Seattle 1
TOP OF THE 6TH
Saskatoon Smokin' Guns batting - Pitching for Seattle Rainiers : RHP Ángel Estrada
Batting: RHB Henry Jackson 0-0: Called Strike
0-1: Swinging Strike
0-2: Foul Ball, location: 2F
0-2: Strikes out swinging
Batting: RHB Rijk de Rade 0-0: Called Strike
0-1: Ball
1-1: Called Strike
1-2: Strikes out swinging
Batting: RHB César Rodríguez 0-0: Ball
1-0: Called Strike
1-1: Ball
2-1: Called Strike
2-2: Fly out, F7 (Flyball, 78M)
Top of the 6th over - 0 run(s), 0 hit(s), 0 error(s), 0 left on base; Saskatoon 0 - Seattle 1
BOTTOM OF THE 6TH
Seattle Rainiers batting - Pitching for Saskatoon Smokin' Guns : RHP José Fernández
Batting: RHB Alfredo Farías 0-0: Called Strike
0-1: Swinging Strike
0-2: Ball
1-2: Foul Ball, location: 2F
1-2: Foul Ball, location: 2F
1-2: Ball
2-2: Ground out 5-3 (Groundball, 56)
Batting: RHB José Vidal 0-0: Foul Ball, location: 2F
0-1: Foul Ball, location: 2F
0-2: Ball
1-2: Ball
2-2: Ball
3-2: Foul Ball, location: 2F
3-2: Fly out, F8 (Flyball, 8LM)
Batting: RHB Enrique Soto 0-0: Ball
1-0: Called Strike
1-1: Ball
2-1: Fly out, F6 (Popup, 6D)
Bottom of the 6th over - 0 run(s), 0 hit(s), 0 error(s), 0 left on base; Saskatoon 0 - Seattle 1
TOP OF THE 7TH
Saskatoon Smokin' Guns batting - Pitching for Seattle Rainiers : RHP Ángel Estrada
Pitching: RHP Steve Benson
Batting: LHB Bo Rush 0-0: Ball
1-0: Called Strike
1-1: Foul Ball, location: 2F
1-2: Foul Ball, location: 2F
1-2: Ball
2-2: Strikes out swinging
Batting: RHB Julián García 0-0: Called Strike
0-1: Called Strike
0-2: Foul Ball, location: 2F
0-2: Ground out 5-3 (Groundball, 56)
Batting: LHB Rubén Salazar 0-0: Ground out 4-3 (Groundball, 34D)
Top of the 7th over - 0 run(s), 0 hit(s), 0 error(s), 0 left on base; Saskatoon 0 - Seattle 1
BOTTOM OF THE 7TH
Seattle Rainiers batting - Pitching for Saskatoon Smokin' Guns : RHP José Fernández
Pitching: RHP Álex Amaya
Batting: RHB Doug Williams 0-0: Ball
1-0: Called Strike
1-1: Swinging Strike
1-2: Fly out, F9 (Flyball, 9S)
Batting: LHB Carlos Valentín 0-0: Called Strike
0-1: Fly out, F8 (Flyball, 8RD)
Batting: RHB John Hill 0-0: Ball
1-0: Ball
2-0: SOLO HOME RUN (Flyball, 7LD), Distance : 367 ft
Batting: SHB Claas van der Kuijl 0-0: Ball
1-0: Ground out 4-3 (Groundball, 4)
Bottom of the 7th over - 1 run(s), 1 hit(s), 0 error(s), 0 left on base; Saskatoon 0 - Seattle 2
TOP OF THE 8TH
Saskatoon Smokin' Guns batting - Pitching for Seattle Rainiers : RHP Steve Benson
Batting: SHB Michael Miller 0-0: Called Strike
0-1: Called Strike
0-2: Hit by Pitch
Pitching: RHP Lúcio Feliciano
Batting: RHB Brendon Little 0-0: Ball
1-0: Ball
2-0: Called Strike
2-1: Fly out, F9 (Flyball, 9LS)
Batting: RHB José Chávez 0-0: Ball
1-0: Swinging Strike
1-1: Called Strike
1-2: Strikes out looking
Batting: RHB Henry Jackson 0-0: Ball
1-0: Swinging Strike
1-1: Swinging Strike
1-2: Foul Ball, location: 2F
1-2: Ball
2-2: Strikes out swinging
Top of the 8th over - 0 run(s), 0 hit(s), 0 error(s), 1 left on base; Saskatoon 0 - Seattle 2
BOTTOM OF THE 8TH
Seattle Rainiers batting - Pitching for Saskatoon Smokin' Guns : RHP Álex Amaya
Batting: SHB Júlio Ayala 0-0: Ball
1-0: Foul Ball, location: 2F
1-1: SINGLE (Groundball, 6D)
Batting: LHB Kelsey Scott 0-0: Sac Bunt - play at first, batter OUT! 1-3
Júlio Ayala to second
Batting: RHB Alfredo Farías 0-0: Intentional Walk
Pinch Hitting: RHB Danny Spode 0-0: Ball
1-0: Ball
2-0: Called Strike
2-1: Swinging Strike
2-2: Ball
3-2: Base on Balls
Júlio Ayala to third
Alfredo Farías to second
Batting: RHB Enrique Soto 0-0: Ball
1-0: Fly out, F4 (Popup, 4)
Batting: RHB Doug Williams 0-0: Swinging Strike
0-1: Fly out, F9 (Flyball, 9LM)
Bottom of the 8th over - 0 run(s), 1 hit(s), 0 error(s), 3 left on base; Saskatoon 0 - Seattle 2
TOP OF THE 9TH
Saskatoon Smokin' Guns batting - Pitching for Seattle Rainiers : RHP Lúcio Feliciano
Pitching: LHP William Gordon
Now at SS: Eduardo Sánchez
Batting: RHB Rijk de Rade 0-0: Ball
1-0: Foul Ball, location: 2F
1-1: Fly out, F9 (Flyball, 89S)
Batting: RHB César Rodríguez 0-0: Ball
1-0: Swinging Strike
1-1: Foul Ball, location: 2F
1-2: Ball
2-2: Fly out, F9 (Line Drive, 89M)
Batting: LHB Bo Rush 0-0: Foul Ball, location: 2F
0-1: Foul Ball, location: 2F
0-2: Ball
1-2: Ball
2-2: Strikes out swinging
Top of the 9th over - 0 run(s), 0 hit(s), 0 error(s), 0 left on base; Saskatoon 0 - Seattle 2
Thursday, March 30th, 2017 - OOTP Baseball 17.12 Build 75